 Dungeon Crawl Stone Soup version 0.21.1-1-g345015f (webtiles) character file.

43 suicidejoker the Shield-Bearer (level 3, -1/33 HPs)
             Began as a Deep Dwarf Fighter on May 7, 2018.
             Slain by a worm (3 damage)
             ... on level 2 of the Dungeon.
             The game lasted 00:03:15 (1524 turns).

suicidejoker the Shield-Bearer (Deep Dwarf Fighter) Turns: 1524, Time: 00:03:16

Health: -1/33      AC:  9    Str: 19    XL:     3   Next: 37%
Magic:  3/3        EV:  7    Int:  8    God:
Gold:   62         SH:  9    Dex: 13    Spells: 2/2 levels left

rFire    . . .     SeeInvis .   a - +0 long sword
rCold    . . .     Gourm    .   c - +0 shield
rNeg     . . .     Faith    .   b - +0 scale mail
rPois    .         Spirit   .   (no helmet)
rElec    .         Reflect  .   (no cloak)
rCorr    .         Harm     .   (no gloves)
MR       .....                  (no boots)
Stlth    ..........             h - amulet of magic regeneration
HPRegen  0.00/turn              m - +3 ring of protection
MPRegen  0.33/turn              t - ring of wizardry

@: non-regenerating
A: damage resistance, heal wounds, sense surroundings 1, no regeneration
a: Heal Wounds


You were on level 2 of the Dungeon.
You were not hungry.

You visited 1 branch of the dungeon, and saw 2 of its levels.

You collected 62 gold pieces.

Inventory:

Hand Weapons
 a - a +0 long sword (weapon)
 p - a +0 hunting sling
Missiles
 i - 67 stones (quivered)
 j - 23 sling bullets
 o - 5 poisoned needles
Armour
 b - a +0 scale mail (worn)
 c - a +0 shield (worn)
 k - a +0 pair of gloves
Jewellery
 h - an amulet of magic regeneration (around neck)
 m - a +3 ring of protection (left hand)
 t - a ring of wizardry (right hand)
Scrolls
 e - a scroll of random uselessness {unknown}
 l - a scroll of enchant armour {unknown}
 n - a scroll of magic mapping {unknown}
 q - a scroll of immolation {unknown}
 u - a scroll of identify {unknown}
Potions
 d - a potion of might
 g - a potion of agility {unknown}
 r - a potion of invisibility {unknown}
 s - a potion of flight {unknown}
Comestibles
 f - 5 rations


   Skills:
 + Level 2.9 Fighting
 * Level 2.8 Long Blades
 + Level 3.5 Armour
 + Level 1.0 Dodging
 + Level 3.6 Shields


You had 2 spell levels left.
You didn't know any spells.

Dungeon Overview and Level Annotations

Branches:
Dungeon (2/15)

Altars:


Innate Abilities, Weirdness & Mutations

You are resistant to damage.
You can heal yourself by infusing magical energy.
You passively map a small area around you.
You do not regenerate.


Message History

The hobgoblin shouts!
A worm comes into view.
You block the hobgoblin's attack.
You hit the hobgoblin.
The hobgoblin is heavily wounded.
The hobgoblin hits you but does no damage.
You hit the hobgoblin but do no damage.
The hobgoblin is heavily wounded.
The hobgoblin barely misses you.
You slash the hobgoblin!
You kill the hobgoblin!
Your Dodging skill increases to level 1!
The worm bites you.
* * * LOW HITPOINT WARNING * * *
You barely miss the worm. The worm bites you.
* * * LOW HITPOINT WARNING * * *
You slash the worm!
The worm is heavily wounded.
The worm bites you.
You die...

#.....# #.#* , ,#..#.
#.....# #.# *, #.[#.
#############.# ,, *
#..#. ........# *, #..#.
........# , #..#.
........# #..#.
........# #..#. *
##.######.######,# #..†.
......w@.......#.#.##.#.
.#.######)####.#........
* , .... * #..#..... ,
,......# #.)...... * ,
.......# ###..#.## ,
...............#.# *
...........##.#.#.#*
#...........##.#.#..,
#.#.#..


You could see a worm.

Vanquished Creatures
  An adder (D:2)
  An ooze (D:1)
  A dart slug (D:2)
  3 leopard geckos (D:1)
  A ball python (D:1)
  A giant cockroach (D:1)
  4 goblins
  2 hobgoblins
  7 bats
  A frilled lizard (D:2)
  3 kobolds (D:1)
  A rat (D:2)
26 creatures vanquished.

Notes
Turn   | Place    | Note
-------+----------+-------------------------------------------
     0 | D:1      | suicidejoker the Deep Dwarf Fighter began the quest for the Orb.
     0 | D:1      | Reached XP level 1. HP: 20/20 MP: 1/1
   384 | D:1      | Reached XP level 2. HP: 17/27 MP: 2/2
  1195 | D:2      | Reached XP level 3. HP: 10/33 MP: 3/3
  1520 | D:2      | Reached skill level 1 in Dodging
  1524 | D:2      | Slain by a worm

Skill      XL: |  1  2  3 |
---------------+----------+-----
Dodging        | 1 |  1.0
Fighting       | |  2.9
Long Blades    | |  2.8
Armour         | |  3.5
Shields        | |  3.6

Action                   || total
-------------------------++-------
Melee: Long sword        ||    81
  Eat: Chunk             ||     2
Armor: Scale mail        ||    33
Dodge: Dodged            ||    32
Block: Shield            ||    44
       Rpst.: Long sword ||     7
